[Event "*** Titled Tuesday 3|2 Blitz"]
[Site "Chess.com"]
[Date "2015.11.03"]
[Round "8"]
[White "AlexanderL"]
[Black "MITerryble"]
[Result "1/2-1/2"]
[WhiteElo "2577"]
[BlackElo "2605"]
[TimeControl "180+2"]
[EndTime "12:46:12 PST"]
[Termination "Game drawn by repetition"]

1. d4 e6 2. c4 Bb4+ 3. Bd2 Qe7 4. Nf3 Nf6 5. Nc3 O-O 6. Qc2 d6 7. a3 Bxc3 8. Bxc3 Nbd7 9. e4 e5 10. d5 a5 11. b3 Nc5 12. Nd2 Nh5 13. b4 axb4 14.
axb4 Rxa1+ 15. Bxa1 Na6 16. Bc3 f5 17. Qd1 g6 18.
exf5 Qf6 19. Qf3 Qg7 20. Qe3 gxf5 21. f3 Qg6 22. Qf2 f4 23. Ne4 Bf5 24. Bd3 Nf6 25.
Nxf6+ Rxf6 26. Bxf5 Rxf5 27. O-O Rg5 28. Qe2 Nb8 29.
c5 Nd7 30. c6 bxc6 31. dxc6 Nb6 32. b5 Kf7 33. Rd1 Qe6 34. Bd2 Qb3 35. Rc1 Qb2 36. Qd3 Rg6 37. Rb1 Qa2 38. Qb3+ Qxb3 39. Rxb3 Nc4 40.
Bc1 Ke6 41. Rb4 d5 42. Ra4 Rg8 43. Ra7 Kd6 44. Ba3+ Nxa3 45. Rxa3 Rb8 46. Ra5 Kc5 47. b6+ Kxc6 48. bxc7 Rc8 49. Ra6+ Kxc7 50. Re6 Kd7 51. Rxe5 Kd6 52. Rf5 Rc1+ 53. Kf2 Rc2+ 54. Kf1 Rc1+ 55.
Kf2 Rc2+ 56. Kf1 Rc1+ 57. Kf2 1/2-1/2

[Event "*** Titled Tuesday 3|2 Blitz"]
[Site "Chess.com"]
[Date "2015.11.03"]
[Round "8"]
[White "Matibar"]
[Black "ChadaevNikolay"]
[Result "1/2-1/2"]
[WhiteElo "2466"]
[BlackElo "2575"]
[TimeControl "180+2"]
[EndTime "12:46:13 PST"]
[Termination "Game drawn - insufficient material"]

1. e4 c5 2. Ne2 g6 3. g3 Bg7 4.
Bg2 Nc6 5. c3 e5 6. d3 Nge7 7.
Be3 b6 8. h4 h5 9. c4 d6 10. Nbc3 O-O 11. Nd5 Nxd5 12. cxd5 Nd4 13. Nxd4 cxd4 14. Bg5 f6 15. Bd2 f5 16. f4 fxe4 17. dxe4 exf4 18. Bxf4 Ba6 19. Qa4 Bd3 20. Rd1 Bxe4 21. Bxe4 Qe7 22. Qc2 Rfe8 23. Kd2 Qxe4 24. Qxe4 Rxe4 25. Rhe1 Ree8 26. Bxd6 Bh6+ 27. Kd3 Be3 28.
Bc7 Kf7 29. Re2 Rac8 30. Rf1+ Ke7 31. Bf4 Kd7 32. Bxe3 dxe3 33. Rxe3 Rxe3+ 34. Kxe3 Rc2 35. Rf7+ Kd6 36. Rxa7 Rxb2 37. a3 Kxd5 38. Kf4 Rb3 39. Rg7 Rxa3 40. Rxg6 b5 41. Rg5+ Kc4 42. Rxh5 b4 43. Rh8 Ra5 44. Rc8+ Kd3 45. Rb8 Kc3 46.
g4 b3 47. Rxb3+ Kxb3 48. h5 Kc4 49. h6 Kd5 50. Kf5 Ra1 51. g5 Rh1 52. Kf6 Rh2 53. Kg7 Ke5 54. g6 Kf5 55. h7 Rh1 56. Kf7 Rh2 57. Kg7 Rh1 58. h8=Q Rxh8 59. Kxh8 Kxg6 1/2-1/2

[Event "*** Titled Tuesday 3|2 Blitz"]
[Site "Chess.com"]
[Date "2015.11.03"]
[Round "8"]
[White "oggy1984"]
[Black "motivated_bishop"]
[Result "1/2-1/2"]
[WhiteElo "2282"]
[BlackElo "2217"]
[TimeControl "180+2"]
[EndTime "12:46:18 PST"]
[Termination "Game drawn by agreement"]

1. d4 Nf6 2. c4 g6 3. Nc3 d5 4.
Nf3 Bg7 5. Bg5 Ne4 6. Bf4 Nxc3 7. bxc3 c5 8. e3 O-O 9. cxd5 Qxd5 10. Be2 Nc6 11.
O-O cxd4 12. cxd4 Bf5 13. Qa4 Qa5 14. Qxa5 Nxa5 15. Rfc1 Rfc8 16. Bc7 Nc6 17. Bg3 Be6 18. a3 Bd5 19. Rab1 Na5 20. Nd2 Rc6 21. Rxc6 Bxc6 22. Kf1 Rc8 23. f3 Bd7 24. Nb3 Nxb3 25. Rxb3 b6 26.
Be1 Rc2 27. Rc3 Rxc3 28. Bxc3 e6 29. e4 Bf8 30. Bb2 Bd6 31. Kf2 h5 32. g3 h4 33. f4 Kf8 34. Ke3 hxg3 35. hxg3 Ba4 36. Bd3 Ke8 37. g4 Bd1 38. g5 Kd8 39. f5 exf5 40. exf5 gxf5 41. Bxf5 Be7 42. Kf4 Kc7 43. d5 Bb3 44. Be5+ Bd6 45. Be4 Kd7 46. Kf5 Bxa3 47. Kf6 Be7+ 48. Kxf7 Bxg5 49. Bf5+ Kd8 50. Be6 a5 51. Bd4 Kc7 52. d6+ Kxd6 53. Bxb3 Kc6 54. Kg6 Bc1 55. Bxb6 Kxb6 56. Ba4 Kc5 1/2-1/2

[Event "*** Titled Tuesday 3|2 Blitz"]
[Site "Chess.com"]
[Date "2015.11.03"]
[Round "8"]
[White "Aygehovit1992"]
[Black "spectralsoul"]
[Result "1/2-1/2"]
[WhiteElo "2482"]
[BlackElo "2481"]
[TimeControl "180+2"]
[EndTime "12:46:20 PST"]
[Termination "Game drawn by repetition"]

1. e4 d6 2. d4 Nf6 3. Nc3 g6 4. f4 Bg7 5. Nf3 c5 6. dxc5 Qa5 7. cxd6 Nxe4 8. Bd3 Nxc3 9. bxc3 Qxc3+ 10. Kf2 Qxa1 11. dxe7 Nc6 12. Re1 Be6 13. Bb5 Qc3 14. Qd6 Bf6 15. Bd2 Qxc2 16. Rc1 Bxe7 17. Qc7 Qxc1 18. Bxc1 Bc5+ 19.
Be3 Bxe3+ 20. Kxe3 O-O 21. Qxb7 Nb4 22. Nd4 Bd5 23.
Qc7 Bxa2 24. Kf2 a5 25. f5 Nd5 26. Qe5 a4 27. Bc6 Ra5 28. f6 a3 29. Qg5 h6 30. Qd2 Nxf6 31. Qxa2 Rd8 32. Nf3 Rd6 33. Bb5 Rb6 34. Nd4 Kg7 35. Kf3 Rbxb5 36. Nxb5 Rxb5 37. Qxa3 Rf5+ 38. Ke2 h5 39. Qc3 Kg8 40. Qd4 Kh7 41. h3 Kg7 42. g4 hxg4 43. hxg4 Rd5 44. Qf4 g5 45. Qc4 Re5+ 46. Kf3 Re4 47. Qxe4 Nxe4 48. Kxe4 Kf6 49. Kd5 Kg7 50. Ke4 Kf6 51. Kd5 Kg7 52. Ke4 Kg6 53. Ke5 Kg7 54. Ke4 f6 55. Kd5 Kf8 56.
Ke6 Kg7 57. Ke7 Kg6 58. Ke6 Kg7 59. Ke7 Kg6 60. Ke6 Kg7 61. Ke7 Kg6 62. Ke6 Kg7 63. Ke7 Kg6 64. Ke6 Kg7 1/2-1/2

[Event "*** Titled Tuesday 3|2 Blitz"]
[Site "Chess.com"]
[Date "2015.11.03"]
[Round "8"]
[White "eltenedor"]
[Black "metalbattler"]
[Result "1-0"]
[WhiteElo "1971"]
[BlackElo "1963"]
[TimeControl "180+2"]
[EndTime "12:46:28 PST"]
[Termination "eltenedor won by resignation"]

1. c4 c6 2. Nf3 d5 3. d4 Nf6 4. Nbd2 Bf5 5. g3 e6 6. Bg2 h6 7. O-O Be7 8. Qb3 Qb6 9. c5 Qxb3 10. axb3 Nbd7 11. b4 a6 12. Nb3 O-O 13. Na5 Ra7 14. Bf4 Ne4 15. Bc7 Bd8 16. Bxd8 Rxd8 17. Rfd1 f6 18. Nh4 Bh7 19. f3 Ng5 20. f4 Ne4 21. Bh3 Kf7 22. Nf3 Nf8 23. e3 Ng6 24.
Rf1 Ne7 25. Rad1 Nf5 26. Bxf5 Bxf5 27. Kg2 Ke7 28. h3 Kd7 29. g4 Bh7 30. Nd2 Nxd2 31.
Rxd2 Be4+ 32. Kg3 Kc7 33. h4 Raa8 34. Rh2 Rf8 35. Rhf2 g5 36. fxg5 hxg5 37. hxg5 f5 38. gxf5 exf5 39. Rh2 Rh8 40. Rff2 Rag8 41. Kf4 b5 42.
cxb6+ Kxb6 43. Rxh8 Rxh8 44. g6 Rg8 45. Kg5 f4 46.
exf4 Rxg6+ 47. Kh5 Kb5 48. f5 Rg8 49. f6 Kxb4 50. Nxc6+ Kc4 51. f7 Rf8 52. Kh6 Kb5 53. Ne5 1-0

[Event "*** Titled Tuesday 3|2 Blitz"]
[Site "Chess.com"]
[Date "2015.11.03"]
[Round "8"]
[White "Chopper1905"]
[Black "SerGo055"]
[Result "0-1"]
[WhiteElo "2521"]
[BlackElo "2411"]
[TimeControl "180+2"]
[EndTime "12:46:30 PST"]
[Termination "SerGo055 won by checkmate"]

1. e4 d5 2. exd5 Qxd5 3. Nc3 Qd8 4. d4 Nf6 5. Nf3 Bg4 6. Be3 e6 7. h3 Bf5 8. g4 Bg6 9. Ne5 Nbd7 10. Bg2 c6 11.
Nxg6 hxg6 12. Qd3 Qa5 13. O-O Bd6 14. Rfe1 O-O 15. a3 Rad8 16. b4 Qc7 17. Ne2 e5 18. dxe5 Nxe5 19. Qb3 Nd5 20. Bg5 Be7 21. Bd2 Bf6 22. Rad1 g5 23. Bc1 Ne7 24. Ng3 Rxd1 25. Rxd1 Rd8 26. Re1 N7g6 27. Ne4 Nf4 28. Nxf6+ gxf6 29. Be4 Neg6 30. Bb2 Kg7 31. Qc3 Ne5 32. h4 Rd1 33. Kf1 Rxe1+ 34. Kxe1 gxh4 35. g5 Ne6 36. gxf6+ Kxf6 37. Qe3 Ke7 38. Bf5 Nc4 39. Qc3 Nxb2 40. Qxb2 Qf4 41. Bxe6 Kxe6 42. Qh8 Qe5+ 43. Qxe5+ Kxe5 44. Kf1 Kf4 45. Kg2 f5 46. c4 Kg4 47. a4 a6 48. b5 cxb5 49. axb5 axb5 50. cxb5 b6 51.
Kh2 Kf3 52. Kh3 Kxf2 53. Kxh4 f4 54. Kg5 f3 55. Kf4 Ke2 56. Ke5 f2 57. Kd5 f1=Q 58.
Kc6 Qf2 59. Kb7 Qc5 60. Ka6 Kd3 61. Kb7 Qxb5 62. Ka8 Qc5 63. Kb7 b5 64. Kb8 Qe7 65. Kc8 Kc4 66. Kb8 Kc5 67. Ka8 Kb6 68. Kb8 Qe8# 0-1

[Event "*** Titled Tuesday 3|2 Blitz"]
[Site "Chess.com"]
[Date "2015.11.03"]
[Round "8"]
[White "bugsbunny444"]
[Black "JammyDodger91"]
[Result "1/2-1/2"]
[WhiteElo "2332"]
[BlackElo "2231"]
[TimeControl "180+2"]
[EndTime "12:47:17 PST"]
[Termination "Game drawn by repetition"]

1. Nf3 Nf6 2. c4 c5 3. g3 e6 4. Bg2 d5 5. e3 Nc6 6. O-O Be7 7.
b3 O-O 8. Bb2 b6 9. Nc3 Bb7 10.
cxd5 Nxd5 11. Nxd5 Qxd5 12. d4 Qd8 13. Ne5 Nxe5 14.
Bxb7 Rb8 15. Bg2 Nd7 16. d5 exd5 17. Bxd5 Bf6 18. Rb1 Qe7 19. Qc2 Rbd8 20. Rbd1 Bxb2 21. Qxb2 Qf6 22. Qe2 Ne5 23. f4 Nd7 24. e4 Rfe8 25. e5 Qh6 26. Qf3 Qh3 27. Rfe1 Nf8 28. Bc6 Rxd1 29. Rxd1 Rb8 30. Rd6 Ne6 31. Bd7 Qf5 32.
Bxe6 fxe6 33. Qd3 Qxd3 34. Rxd3 Rb7 35. Kf2 Kf7 36. Ke3 Ke7 37. Ke4 g6 38. g4 Rd7 39.
Rxd7+ Kxd7 40. a4 a6 41. h4 b5 42. a5 Ke7 43. f5 gxf5+ 44. gxf5 exf5+ 45. Kxf5 h5 46. Kf4 Ke6 47. Ke4 b4 48. Kf4 Kd5 49. Kf5 c4 50.
bxc4+ Kxc4 51. e6 b3 52. e7 b2 53. e8=Q b1=Q+ 54. Kg5 Qg1+ 55. Kxh5 Qc5+ 56. Kg6 Qxa5 57. Qe4+ Kb3 58. h5 Qb6+ 59. Kg7 a5 60. h6 a4 61.
Qd5+ Kb2 62. h7 Qc7+ 63. Qf7 Qg3+ 64. Qg6 Qc7+ 65. Qf7 Qg3+ 66. Qg6 Qc7+ 67. Kg8 Qd8+ 68. Kf7 Qc7+ 69. Kf8 Qd8+ 70. Kg7 Qc7+ 71. Qf7 Qg3+ 1/2-1/2

[Event "*** Titled Tuesday 3|2 Blitz"]
[Site "Chess.com"]
[Date "2015.11.03"]
[Round "8"]
[White "Canonkasparov"]
[Black "E-Shaposhnikov"]
[Result "1/2-1/2"]
[WhiteElo "2383"]
[BlackElo "2532"]
[TimeControl "180+2"]
[EndTime "12:49:09 PST"]
[Termination "Game drawn by repetition"]

1. d4 Nf6 2. Nf3 e6 3. Bf4 c5 4.
e3 b6 5. Nbd2 Bb7 6. Nc4 Ne4 7.
Bd3 cxd4 8. exd4 d5 9. Nce5 Nd6 10. c3 Be7 11. Qa4+ Nd7 12. O-O a6 13. Nxd7 Qxd7 14.
Qc2 h6 15. a4 O-O 16. Ne5 Qd8 17. Rfe1 Rc8 18. Qe2 Bg5 19. Bxg5 Qxg5 20. Nd7 Rfd8 21. Nxb6 Rc6 22. a5 Nc4 23. Nxc4 dxc4 24. Be4 Rc7 25.
Bxb7 Rxb7 26. Qxc4 Rxb2 27. Qxa6 Qd2 28. Rf1 Qxc3 29. Qa7 Qxd4 30. Qxd4 Rxd4 31. a6 Rd8 32. a7 Ra8 33. Ra3 Rb7 34. Rfa1 Kf8 35. g3 Ke7 36. Ra6 Kd7 37. h4 Kc7 38. Rc1+ Kd7 39. Rd1+ Kc7 40. Rda1 Rb6 41. R6a2 Kb7 42. Kg2 h5 43. Ra3 Rb5 44.
R1a2 Kb6 45. Kf3 Rb4 46. Ra5 g6 47. R2a3 Kb7 48. Ra6 Rc4 49. R6a5 Rb4 50. Ra1 Kb6 51. R5a2 Kb7 52. Rd2 Rc4 53. Rd7+ Rc7 54. Rd2 Rxa7 55. Rb2+ Ka8 56. Rd1 Rd7 57. Rdb1 Ra4 58. Rb8+ Ka7 59. R1b3 Ra5 60. Kg2 Ra4 61. R8b5 Ra6 62. Rb2 Ra4 63. R5b3 Ka6 64. Rb8 Ka7 65. R8b5 Ra3 66. R5b4 Ra5 67. Rb8 Rc7 68. R8b4 Ra3 69. Rb5 Ra1 70. Rb8 Ra6 71.
R8b3 Rac6 72. Ra3+ Ra6 73. Rab3 Rd7 74. Rb8 e5 75. R8b4 Re7 76. Kf3 f5 77. Kg2 e4 78. Rb8 Ra5 79. R8b3 Ra4 80. Rb6 Ra6 81.
Rb8 Rae6 82. R8b3 Ra6 83. Rb8 Ra4 84. R8b3 Re6 85. Rb7+ Ka6 86. Rb8 Ka7 87. R2b7+ Ka6 88.
Rb3 Ka7 89. R8b7+ Ka6 90. Rb8 Ka7 91. R3b7+ Ka6 92. Rb2 Ka7 93. R8b7+ Ka8 94. Rb8+ Ka7 95. R8b7+ Ka6 96. Rb8 Ka7 97. R8b7+ Ka8 98. Rb8+ Ka7 1/2-1/2

[Event "*** Titled Tuesday 3|2 Blitz"]
[Site "Chess.com"]
[Date "2015.11.03"]
[Round "9"]
[White "Canonkasparov"]
[Black "AndroQueen"]
[Result "0-1"]
[WhiteElo "2372"]
[BlackElo "2265"]
[TimeControl "180+2"]
[EndTime "12:55:07 PST"]
[Termination "AndroQueen won by checkmate"]

1. d4 Nf6 2. Nf3 g6 3. Bg5 Bg7 4. Nbd2 O-O 5. c3 d6 6. e3 Nbd7 7. a4 a5 8. Bc4 b6 9. O-O Bb7 10. Qe2 e6 11. Bb5 h6 12. Bh4 g5 13. Bg3 Nh5 14.
e4 Nxg3 15. hxg3 Qe7 16. Rfe1 Rad8 17. Ba6 Ba8 18. Nc4 Nb8 19. Na3 Nxa6 20. Qxa6 Qd7 21.
b3 f5 22. exf5 Rxf5 23. Nd2 Rdf8 24. Rf1 Qc6 25. f3 Qxc3 26. Ndc4 Qxd4+ 27. Kh2 g4 28. f4 Rh5# 0-1

[Event "*** Titled Tuesday 3|2 Blitz"]
[Site "Chess.com"]
[Date "2015.11.03"]
[Round "9"]
[White "motivated_bishop"]
[Black "Blitzstream"]
[Result "0-1"]
[WhiteElo "2203"]
[BlackElo "2410"]
[TimeControl "180+2"]
[EndTime "12:55:15 PST"]
[Termination "Blitzstream won by resignation"]

1. d4 d5 2. c4 c6 3. cxd5 cxd5 4.
Bf4 Nf6 5. Nc3 Nc6 6. e3 g6 7. h3 Bg7 8. Nf3 O-O 9. Bd3 Bf5 10. O-O Bxd3 11. Qxd3 Rc8 12. a3 Na5 13. Ne5 Nc4 14.
b3 Nxe5 15. dxe5 Nd7 16. Qd4 e6 17. Bh2 Qb6 18. Na4 Qxd4 19. exd4 b5 20. Nb2 Rc3 21. b4 Rfc8 22. Bf4 f6 23. exf6 Bxf6 24. a4 Rb3 25. Rab1 Bxd4 0-1

[Event "*** Titled Tuesday 3|2 Blitz"]
[Site "Chess.com"]
[Date "2015.11.03"]
[Round "9"]
[White "FairChess_on_YouTube"]
[Black "Dlugy"]
[Result "1-0"]
[WhiteElo "2712"]
[BlackElo "2572"]
[TimeControl "180+2"]
[EndTime "12:55:45 PST"]
[Termination "FairChess_on_YouTube won by resignation"]

1. Nf3 Nf6 2. c4 g6 3. Nc3 Bg7 4. e4 d6 5. d4 O-O 6. h3 e5 7. d5 Nh5 8. g3 Qe8 9. Be2 f5 10.
exf5 gxf5 11. Nh4 Nf6 12. g4 f4 13. g5 Nfd7 14. Ne4 Nc5 15. Nxc5 dxc5 16. Bd2 e4 17. Bh5 Qe5 18. Rg1 e3 19. Bc1 exf2+ 20. Kxf2 Qe3+ 21.
Bxe3 fxe3+ 22. Kg2 Rf2+ 23. Kh1 Bxh3 24. Bg4 Be5 25. Nf3 e2 26. Qe1 Bg2+ 27. Rxg2 Rf1+ 28. Qxf1 exf1=Q+ 29. Rxf1 Bxb2 30. Be6+ Kg7 31. Nh4 Na6 32.
Rf7+ Kh8 33. Rxb2 1-0

[Event "*** Titled Tuesday 3|2 Blitz"]
[Site "Chess.com"]
[Date "2015.11.03"]
[Round "9"]
[White "jcgs1030"]
[Black "Nutflush"]
[Result "0-1"]
[WhiteElo "1947"]
[BlackElo "1897"]
[TimeControl "180+2"]
[EndTime "12:55:55 PST"]
[Termination "Nutflush won by resignation"]

1. e4 c5 2. Nf3 Nc6 3. d4 cxd4 4. Nxd4 Nf6 5. Nc3 e5 6. Ndb5 d6 7. Bg5 a6 8. Na3 b5 9. Nd5 Be7 10. Bxf6 Bxf6 11. c4 Ne7 12. cxb5 O-O 13. Nxf6+ gxf6 14. bxa6 Bxa6 15. Bxa6 Qa5+ 16. Qd2 Qxa6 17. Rd1 Rad8 18.
Qd3 Qa5+ 19. Rd2 d5 20. exd5 Rxd5 21. Qc3 Qa6 22. Rxd5 Nxd5 23. Qc4 Qa5+ 24. Ke2 Nf4+ 25. Kf3 Rd8 26. Nc2 f5 27. Re1 Qa8+ 28. Ke3 Nxg2+ 29. Ke2 Nxe1 30. Nxe1 Qa5 31. b4 Qa3 32. Nd3 e4 33. Ne5 Qb2+ 0-1

[Event "*** Titled Tuesday 3|2 Blitz"]
[Site "Chess.com"]
[Date "2015.11.03"]
[Round "9"]
[White "Badouuu"]
[Black "xdb"]
[Result "0-1"]
[WhiteElo "1935"]
[BlackElo "2095"]
[TimeControl "180+2"]
[EndTime "12:55:58 PST"]
[Termination "xdb won by resignation"]

1. e4 c5 2. Nf3 e6 3. d4 cxd4 4. Nxd4 a6 5. Bd3 Bc5 6. Nb3 Be7 7. O-O d6 8. f4 Nd7 9. Nc3 Ngf6 10. Qe1 Qc7 11.
Kh1 b5 12. a3 Bb7 13. Be3 O-O 14. Rd1 Rac8 15. h3 Qb8 16. Kh2 Qa8 17. Bg1 Rxc3 18. bxc3 Nxe4 19. Nd2 Nxc3 20. Rc1 Bxg2 21. Rf2 Bh4 22.
Nb3 Rc8 23. Rxg2 Bxe1 24. Rxe1 Nd5 25. Bd4 N7f6 26. Be4 Nxe4 27. Rxg7+ Kf8 28. Rxe4 Rxc2+ 29. Kg3 Nf6 30. Rxe6 fxe6 31. Bxf6 Rg2+ 32. Kh4 0-1

[Event "*** Titled Tuesday 3|2 Blitz"]
[Site "Chess.com"]
[Date "2015.11.03"]
[Round "9"]
[White "pKiLz5Rn9b"]
[Black "darsen_sanzhaev"]
[Result "1-0"]
[WhiteElo "2453"]
[BlackElo "2270"]
[TimeControl "180+2"]
[EndTime "12:56:06 PST"]
[Termination "pKiLz5Rn9b won by resignation"]

1. e4 c5 2. c3 d5 3. exd5 Qxd5 4. d4 Nc6 5. Nf3 Bf5 6. Be3 Nf6 7. Na3 cxd4 8. Nxd4 Nxd4 9. Bxd4 e5 10. Nb5 Rc8 11. Bxa7 Qe4+ 12. Be2 Be7 13. O-O O-O 14. Bf3 Qc4 15.
Nd6 Bxd6 16. Qxd6 Qb5 17. Qb6 Qxb6 18. Bxb6 Nd7 19. Be3 b6 20. Rfd1 Rfd8 21. Bb7 Rb8 22. Bc6 Nc5 23. Rxd8+ Rxd8 24. Bxc5 bxc5 25. a4 Rd6 26. Bf3 Bd3 27. Rd1 c4 28. a5 f5 29.
Bb7 Rd7 30. a6 e4 31. a7 Rd8 32. a8=Q 1-0

[Event "*** Titled Tuesday 3|2 Blitz"]
[Site "Chess.com"]
[Date "2015.11.03"]
[Round "9"]
[White "Zkid"]
[Black "ChadaevNikolay"]
[Result "0-1"]
[WhiteElo "2537"]
[BlackElo "2584"]
[TimeControl "180+2"]
[EndTime "12:56:14 PST"]
[Termination "ChadaevNikolay won by resignation"]

1. e4 c5 2. Nf3 g6 3. d4 cxd4 4. Nxd4 Bg7 5. Nc3 Nc6 6. Be3 Nf6 7. Bc4 O-O 8. Bb3 d6 9. f3 Bd7 10. Qd2 Nxd4 11. Bxd4 b5 12. e5 dxe5 13. Bxe5 Bc6 14. Rd1 a5 15. Qxd8 Rfxd8 16. a3 Rxd1+ 17. Kxd1 e6 18. Kc1 Nd7 19. Bxg7 Kxg7 20. Rd1 Nc5 21.
Ba2 Kf6 22. b4 axb4 23. axb4 Na6 24. Rd4 Ke7 25. Ne2 Nxb4 26. Bxe6 Nxc2 27. Kxc2 Kxe6 28. Kb2 Bd5 29. Rb4 Ra2+ 30. Kc3 Rxe2 0-1

[Event "*** Titled Tuesday 3|2 Blitz"]
[Site "Chess.com"]
[Date "2015.11.03"]
[Round "9"]
[White "stefanodinn"]
[Black "SenseiJulio"]
[Result "0-1"]
[WhiteElo "2154"]
[BlackElo "2564"]
[TimeControl "180+2"]
[EndTime "12:56:15 PST"]
[Termination "SenseiJulio won on time"]

1. e4 e6 2. d4 d5 3. Nd2 Be7 4. c3 c5 5. exd5 exd5 6. dxc5 Bxc5 7. Ngf3 Nc6 8. Nb3 Bb6 9. Bd3 Nf6 10. O-O O-O 11.
h3 Qd6 12. Re1 Bxh3 13. Be3 Bg4 14. Bxb6 axb6 15. Be2 Rfe8 16. Nfd4 Ne5 17. f3 Bd7 18. Bf1 Nc4 19. Bxc4 dxc4 20. Nd2 b5 21. a3 Qf4 22.
Nf1 Bc6 23. Qd2 Nd5 24. Qf2 Qg5 25. Rxe8+ Rxe8 26. Re1 Rd8 27. Qg3 Qxg3 28. Nxg3 Kf8 29. Ngf5 Nf4 0-1

[Event "*** Titled Tuesday 3|2 Blitz"]
[Site "Chess.com"]
[Date "2015.11.03"]
[Round "9"]
[White "spectralsoul"]
[Black "TomsKantans"]
[Result "1-0"]
[WhiteElo "2486"]
[BlackElo "2332"]
[TimeControl "180+2"]
[EndTime "12:56:16 PST"]
[Termination "spectralsoul won by resignation"]

1. e4 c5 2. g3 g6 3. Bg2 Bg7 4. Ne2 Nc6 5. c3 h5 6. h3 e5 7.
d3 d6 8. Be3 Nge7 9. O-O O-O 10.
Na3 Be6 11. d4 exd4 12. cxd4 d5 13. e5 cxd4 14. Nxd4 Nxe5 15. Nxe6 fxe6 16. Bg5 Qd7 17. Qe2 Nf5 18. Rad1 Rac8 19. Kh1 Kh7 20. Rfe1 Rc6 21. Nb5 a6 22. Nc3 Qf7 23. Nxd5 exd5 24. Bxd5 Qc7 25. Bf4 Re8 26. Bxc6 Qxc6+ 27. Qe4 Nf3 28. Qxe8 Nxe1+ 29. Qxc6 bxc6 30. Rxe1 Bxb2 31. Re6 c5 32. Rxa6 c4 33. Rc6 c3 34. Be5 1-0

[Event "*** Titled Tuesday 3|2 Blitz"]
[Site "Chess.com"]
[Date "2015.11.03"]
[Round "9"]
[White "Boryboy"]
[Black "jcibarra"]
[Result "0-1"]
[WhiteElo "2468"]
[BlackElo "2537"]
[TimeControl "180+2"]
[EndTime "12:56:23 PST"]
[Termination "jcibarra won on time"]

1. d4 Nf6 2. Nf3 g6 3. g3 d6 4. Bg2 Bg7 5. O-O O-O 6. Re1 Bf5 7. Nc3 Ne4 8. Nh4 Nxc3 9. bxc3 Bc8 10. Rb1 Nc6 11. e4 Na5 12. Be3 Nc4 13. Qd3 Nxe3 14. Rxe3 c5 15. Nf3 Qa5 16. Qc4 b6 17. d5 Ba6 18.
Qb3 b5 19. e5 Rab8 20. Bf1 Bc8 21. e6 fxe6 22. Ng5 e5 23. Ne6 Bxe6 24. dxe6 c4 25. Bxc4 Bh6 26. Bd3 Bxe3 27. fxe3 Qb6 28. Qd5 Qxe3+ 29.
Kh1 Rf2 30. Bf1 Rxc2 31. Bg2 Rc1+ 0-1

[Event "*** Titled Tuesday 3|2 Blitz"]
[Site "Chess.com"]
[Date "2015.11.03"]
[Round "9"]
[White "WanderingPuppet"]
[Black "ZEN-22"]
[Result "0-1"]
[WhiteElo "2167"]
[BlackElo "2148"]
[TimeControl "180+2"]
[EndTime "12:56:29 PST"]
[Termination "ZEN-22 won on time"]

1. e4 d6 2. d4 Nf6 3. Nc3 c5 4.
dxc5 Qa5 5. Bd3 dxc5 6. Nf3 c4 7. Bxc4 Nxe4 8. O-O Nxc3 9. Qe1 Nc6 10. bxc3 e6 11.
Bg5 h6 12. Bh4 Be7 13. Bxe7 Nxe7 14. Qe5 Qxe5 15. Nxe5 Nc6 16. Nxc6 bxc6 17. Rab1 Kd7 18. f3 Kc7 19. Kf2 Rd8 20. Ke3 Rb8 21. Rxb8 Kxb8 22. Rb1+ Kc7 23. h4 g5 24. hxg5 hxg5 25. Rh1 f6 26.
Rh7+ Rd7 27. Rh8 Re7 28. Rf8 f5 29. Rg8 f4+ 30. Ke2 e5 31. Rxg5 e4 32. fxe4 Rxe4+ 33. Kd3 Re3+ 34. Kd2 Kb6 35. Rg8 Bf5 36. Rf8 Re5 37.
Bd3 Be6 38. Rxf4 Bxa2 39. Ra4 Bd5 40. g4 a5 41. Rf4 Be6 42. Bf5 Bg8 43. g5 a4 44. Bd7 a3 45. Ra4 a2 46. Bc8 Ra5 0-1

[Event "*** Titled Tuesday 3|2 Blitz"]
[Site "Chess.com"]
[Date "2015.11.03"]
[Round "9"]
[White "Frolyanov_D"]
[Black "Aygehovit1992"]
[Result "1-0"]
[WhiteElo "2438"]
[BlackElo "2472"]
[TimeControl "180+2"]
[EndTime "12:57:00 PST"]
[Termination "Frolyanov_D won by resignation"]

1. d4 Nf6 2. c4 g6 3. Nf3 Bg7 4. g3 O-O 5. Bg2 d6 6. O-O Nc6 7. Nc3 a6 8. h3 Rb8 9. a4 Nb4 10. d5 c5 11. dxc6 bxc6 12. e4 e5 13. Bg5 Qc7 14.
Qd2 Be6 15. b3 Rfd8 16. Rac1 a5 17. Nd5 Bxd5 18. Bxf6 Bxf6 19. cxd5 c5 20. Nh2 Bg7 21. Ng4 Na6 22. Rc3 Rb4 23. Ne3 Nb8 24. Nc4 Nd7 25.
Na3 Nb6 26. h4 Rd4 27. Qe2 Qe7 28. Nb5 h5 29. Nxd4 exd4 30. Rc2 Nd7 31. Bh3 Ne5 32. Qd1 Rb8 33. f4 Nd7 34. Bxd7 Qxd7 35. Qd3 Qh3 36. Rh2 Qg4 37. Rhf2 f5 38. Rf3 fxe4 39. Qxe4 Qf5 40. Qe7 Qxd5 41. f5 d3 42. fxg6 d2 43. Rf8+ 1-0

[Event "*** Titled Tuesday 3|2 Blitz"]
[Site "Chess.com"]
[Date "2015.11.03"]
[Round "9"]
[White "E-Shaposhnikov"]
[Black "Iball95"]
[Result "1-0"]
[WhiteElo "2541"]
[BlackElo "2364"]
[TimeControl "180+2"]
[EndTime "12:57:06 PST"]
[Termination "E-Shaposhnikov won on time"]

1. Nf3 c5 2. c4 Nf6 3. Nc3 Nc6 4. g3 d5 5. d4 cxd4 6. Nxd4 e6 7.
Bg2 Bc5 8. Nb3 Bb4 9. cxd5 Nxd5 10. Bd2 Nxc3 11. Bxc3 Bxc3+ 12. bxc3 Qc7 13. O-O O-O 14. c4 b6 15. c5 bxc5 16. Rc1 Rd8 17. Qc2 Nb4 18. Qe4 Rb8 19. Rxc5 Qb6 20. Qh4 Bb7 21. Bxb7 Qxb7 22. Rh5 h6 23. Nc5 Qc6 24. Ne4 Rd5 25.
Nf6+ gxf6 26. Rxh6 Kf8 27. Qxf6 Ke8 28. Rh8+ Kd7 29.
Rxb8 Qd6 30. Rd8+ 1-0

[Event "*** Titled Tuesday 3|2 Blitz"]
[Site "Chess.com"]
[Date "2015.11.03"]
[Round "9"]
[White "JammyDodger91"]
[Black "amaidel"]
[Result "0-1"]
[WhiteElo "2225"]
[BlackElo "2336"]
[TimeControl "180+2"]
[EndTime "12:57:10 PST"]
[Termination "amaidel won by resignation"]

1. e4 c5 2. d4 cxd4 3. c3 dxc3 4. Nxc3 Nc6 5. Nf3 g6 6. Bc4 Bg7 7. e5 Nh6 8. O-O O-O 9. Bf4 Nf5 10. g4 Nh6 11. h3 Kh8 12. Qd2 Ng8 13. g5 d6 14. exd6 e5 15. Bg3 Bxh3 16. Rfe1 Qa5 17. Re4 Nd4 18. Nxd4 exd4 19. Rxd4 Bxd4 20. Qxd4+ f6 21.
Ne4 Qf5 22. gxf6 Nxf6 23. Nxf6 Rxf6 24. Be5 Qg5+ 25. Bg3 Kg7 26. Re1 Kh6 27. Re4 Bd7 28.
Rh4+ Kg7 29. Kh2 Re8 30. Rf4 Re1 31. Rxf6 Qxf6 32. Be5 Rxe5 0-1

[Event "*** Titled Tuesday 3|2 Blitz"]
[Site "Chess.com"]
[Date "2015.11.03"]
[Round "9"]
[White "Malev212"]
[Black "PowerThinking2650"]
[Result "1-0"]
[WhiteElo "2261"]
[BlackElo "2112"]
[TimeControl "180+2"]
[EndTime "12:57:24 PST"]
[Termination "Malev212 won on time"]

1. d4 Nf6 2. c4 g6 3. Nc3 Bg7 4. e4 d6 5. Be2 O-O 6. Nf3 e5 7. O-O Nc6 8. d5 Ne7 9. a4 Nh5 10. a5 h6 11. Ra3 Nf4 12. Bxf4 exf4 13. Nd4 f5 14. Re1 fxe4 15. Nxe4 Nf5 16. Ne6 Bxe6 17. dxe6 Bxb2 18. Rb3 Bd4 19. Rxb7 Qh4 20. Bg4 Be5 21.
Qf3 Nd4 22. Qh3 Qxh3 23. Bxh3 Rfb8 24. Reb1 Rxb7 25. Rxb7 a6 26. Nc3 Nc6 27. Nd5 Nxa5 28. Rxc7 Rb8 29. Kf1 Nb3 30. e7 1-0

[Event "*** Titled Tuesday 3|2 Blitz"]
[Site "Chess.com"]
[Date "2015.11.03"]
[Round "9"]
[White "sorito"]
[Black "Rating-Schmating"]
[Result "1-0"]
[WhiteElo "2096"]
[BlackElo "1965"]
[TimeControl "180+2"]
[EndTime "12:57:25 PST"]
[Termination "sorito won by resignation"]

1. d4 e6 2. c4 Nf6 3. Nf3 Bb4+ 4. Bd2 Qe7 5. g3 Nc6 6. Bg2 d6 7. O-O Bxd2 8. Qxd2 O-O 9. Nc3 e5 10. d5 Nb8 11. b4 a5 12. a3 Bg4 13. Nb5 Bxf3 14.
exf3 Na6 15. Rfe1 Qd7 16. Rab1 axb4 17. axb4 Rfd8 18. Red1 Ne8 19. Nc3 c6 20. f4 exf4 21.
dxc6 bxc6 22. Qxf4 Rab8 23. b5 cxb5 24. cxb5 Nc5 25. Nd5 Nc7 26. b6 Nxd5 27. Bxd5 Ne6 28. Qe3 g6 29. h4 h5 30. Rd2 Re8 31. Qd3 Nc5 32. Qxg6+ Kf8 33. Qxh5 Na4 34. Qh6+ Ke7 35. Qf4 Rxb6 36. Re1+ Kd8 37. Qg5+ Kc7 38. Rc2+ Kb8 39. Ra1 Re5 40. Qg8+ Re8 41. Qxf7 Re7 42. Qf4 Ra6 43. Qb4+ Ka7 44. Rca2 Nc5 45. Qxc5+ dxc5 46. Rxa6+ Kb8 47. Ra8+ Kc7 48. R8a7+ Kd6 49. Rxd7+ Rxd7 50. Bc4 Ke5 51. Re1+ Kf6 52. g4 Rd4 53. g5+ Kg6 54. Re6+ Kg7 55. Be2 Rxh4 56. Kg2 Rd4 57. Kg3 Kf7 58.
Rc6 Rd5 59. Bc4 1-0